 Dungeon Crawl Stone Soup version 0.29-a0-925-g0a7a3d12f8 (webtiles) character file.

Game seed: 3592836168419404409

70 leavemydog the Chopper (level 4, -1/40 HPs)
             Began as a Hill Orc Fighter on July 28, 2022.
             Slain by a hobgoblin (3 damage)
             ... led by Robin
             ... on level 2 of the Dungeon.
             The game lasted 00:02:20 (785 turns).

leavemydog the Chopper (Hill Orc Fighter)            Turns: 785, Time: 00:02:21

Health: -1/40      AC:  7    Str: 18    XL:     4   Next: 21%
Magic:  3/3        EV:  6    Int: 10    God:
Gold:   14         SH:  5    Dex: 16    Spells: 3/3 levels left

rFire   . . .      SeeInvis .   a - +0 war axe
rCold   . . .      Faith    .   c - +0 buckler
rNeg    . . .      Spirit   .   b - +0 scale mail
rPois   .          Reflect  .   (no helmet)
rElec   .          Harm     .   (no cloak)
rCorr   .          Rampage  .   (no gloves)
Will    .....                   (no boots)
Stlth   ..........              (no amulet)
HPRegen 0.13/turn               g - +6 ring of dexterity
MPRegen 0.08/turn               (no ring)

@: mighty, constricted
A: low MP 1
a: no special abilities


You were on level 2 of the Dungeon.
You visited 1 branch of the dungeon, and saw 2 of its levels.

You collected 14 gold pieces.

Inventory:

Hand Weapons
 a - a +0 war axe (weapon)
Armour
 b - a +0 scale mail (worn)
 c - a +0 buckler (worn)
Jewellery
 g - a +6 ring of dexterity (left hand)
Scrolls
 f - a scroll of identify {unknown}
 i - a scroll of poison {unknown}
 j - a scroll of magic mapping {unknown}
Potions
 d - a potion of might
 h - a potion of curing {unknown}


   Skills:
 + Level 4.0 Fighting
 * Level 4.6 Axes
 + Level 3.8 Armour
 + Level 3.5 Shields


You had 3 spell levels left.
You didn't know any spells.
Your spell library was empty.

Dungeon Overview and Level Annotations

Branches:
Dungeon (2/15)

Altars:


Innate Abilities, Weirdness & Mutations

Your magical capacity is low. (-10% MP)


Message History

You barely miss Robin.
Robin is severely wounded.
You slash the hobgoblin!
You kill the hobgoblin!
You slash the goblin!
You kill the goblin!
Robin throws the goblin at you! You block the goblin's attack.
Robin hits you but does no damage.
The goblin unwields a +0 club.
The goblin wields a +0 sling.
The goblin shoots a sling bullet.
The sling bullet hits you but does no damage.
You have reached level 4!
Okay, then.
You slash the goblin!
You kill the goblin!
You closely miss Robin.
The ball python bites you but does no damage.
You block the ball python's attack.
You slash Robin!
You kill Robin!
You barely miss the ball python.
The ball python bites you but does no damage.
The ball python closely misses you.
The goblin shoots a sling bullet.
The sling bullet hits you.
* * * LOW HITPOINT WARNING * * *
You hit the hobgoblin.
The hobgoblin is severely wounded.
You closely miss the ball python.
The ball python bites you but does no damage.
The ball python grabs you. The ball python constricts you.
You block the hobgoblin's attack.
The goblin shoots a sling bullet.
The sling bullet hits you.
* * * LOW HITPOINT WARNING * * *
The ball python closely misses you. The ball python constricts you.
* * * LOW HITPOINT WARNING * * *
It was a potion of mutation.
You feel extremely strange.
You feel a hidden potential growing inside you.
You feel less energetic.
You no longer feel a hidden potential within.
The hobgoblin hits you.
You die...

##.#........
##.#.........
######.#..........
#.$##.#...........
#..#.#.......#.##.
####...#.......#.#.##
#...g)#........######
####..#)))..#...........
......g@)####.##########
......##S# #.# #. #....
#.# #.# # ##.. ..# #.# #
## ... ..# ### ....
..#### ##.## ....[
.......#.... .###..#
#...... #.##.##


You could see a hobgoblin (strong), a goblin (strong) and a ball python.

Vanquished Creatures
  Robin (D:2)
  A dart slug (D:1)
  5 bats (D:1)
  7 endoplasms
  2 giant cockroaches (D:1)
  6 hobgoblins
  4 jackals (D:1)
  A quokka (D:2)
  5 ball pythons
  5 frilled lizards (D:1)
  10 goblins
  3 kobolds
  2 rats (D:1)
52 creatures vanquished.

Notes
Turn   | Place    | Note
-------+----------+-------------------------------------------
     0 | D:1      | leavemydog the Hill Orc Fighter began the quest for the
                  | Orb.
     0 | D:1      | Reached XP level 1. HP: 19/19 MP: 1/1
    80 | D:1      | Reached XP level 2. HP: 19/27 MP: 2/2
   386 | D:1      | Reached XP level 3. HP: 33/33 MP: 3/3
   771 | D:2      | Noticed Robin
   782 | D:2      | Reached XP level 4. HP: 8/40 MP: 4/4
   783 | D:2      | Killed Robin
   784 | D:2      | HP: 2/40 [goblin/sling bullet[Robin] (2)]
   785 | D:2      | Gained mutation: You have hidden genetic potential. [potion
                  | of mutation]
   785 | D:2      | Gained mutation: Your magical capacity is low. (-10% MP)
                  | [potion of mutation]
   785 | D:2      | Lost mutation: You have hidden genetic potential. [potion
                  | of mutation]
   785 | D:2      | Slain by a hobgoblin

Illustrated notes

Levels and vault maps discovered:
D:1:      minmay_arrival_glassed_features, layout_basic, minmay_misc_feat_doors
D:2:      wad_pebble_path, layout_loops_ring, minivault_19, uniq_robin

Skill      XL: |  1  2  3 |
---------------+----------+-----
Axes           | 3 4 |  4.6
Fighting       | 4 |  4.0
Armour         | |  3.8
Shields        | |  3.5

Action                   |  1- 3 |  4- 6 || total
-------------------------+-------+-------++-------
Melee: War axe           |    77 |     3 ||    80
  Use: Potion            |     1 |     1 ||     2
Armor: Scale mail        |    54 |     3 ||    57
Dodge: Dodged            |    52 |     2 ||    54
Block: Buckler           |    23 |     2 ||    25

Table legend: (Time is in decaauts)
 A = Elapsed time spent in this place.
 B = Non-inter-level travel time spent in this place.
 C = Inter-level travel time spent in this place.
 D = Time resting spent in this place.
 E = Time spent auto-exploring this place.
 F = Levels seen in this place.
 G = Mean time per level.
                   A        B        C        D        E       F      G
               +--------+--------+--------+--------+--------+-----+--------+
         Total |    813 |    807 |      6 |      0 |    602 |   2 |  406.5 |
       Dungeon |    813 |    807 |      6 |      0 |    602 |   2 |  406.5 |
               +--------+--------+--------+--------+--------+-----+--------+

Top non-repeatable levels by time:
     D:1: 595 daAuts
     D:2: 217 daAuts
